 Dungeon Crawl Stone Soup version 0.17-a0-2055-gb4e23be (webtiles) character file.

827 brucemayne the Basher (level 7, -2/70 HPs)
             Began as an Ogre Hunter on Oct 11, 2015.
             Slain by Duvessa
             ... wielding a +1 short sword of draining
              (6 damage)
             ... on level 6 of the Dungeon.
             The game lasted 00:12:07 (2075 turns).

brucemayne the Basher (Ogre Hunter)                 Turns: 2075, Time: 00:12:10

Health: -2/70      AC: -4    Str: 19    XL:     7   Next: 97%
Magic:  7/7        EV: 11    Int: 10    God:
Gold:   192        SH:  0    Dex: 11    Spells: 0 memorised, 6 levels left

rFire  . . .     SeeInvis .     x - +0 flail
rCold  . . .     Clarity  +     d - +1 robe
rNeg   + . .     SustAt   .     (no shield)
rPois  .         Gourm    .     (helmet restricted)
rElec  .         Spirit   .     (no cloak)
rCorr  .         Warding  .     (gloves unavailable)
rMut   .         Stasis   .     (boots unavailable)
MR     .....                    g - amulet of clarity
Stlth  +.........               t - +1 ring of evasion
                                m - ring of positive energy

@: corroded equipment, drained, not resistant to hostile enchantments, very
unstealthy
A: unfitting armour, tough skin 1
a: no special abilities


You were on level 6 of the Dungeon.
You were not hungry.

You visited 1 branch of the dungeon, and saw 7 of its levels.

You collected 192 gold pieces.

Inventory:

Hand Weapons
 a - a +0 giant club
 c - a +0 short sword
 h - a +0 long sword
 p - a +2 dagger of draining
 r - a -1 club
 x - a +0 flail (weapon)
 A - a cursed -2 mace
 F - a +0 giant spiked club
Missiles
 b - a throwing net
 i - 5 tomahawks
 E - 2 large rocks (quivered)
Armour
 d - a +1 robe (worn)
Jewellery
 g - an amulet of clarity (around neck)
 m - a ring of positive energy (left hand)
 t - a +1 ring of evasion (right hand)
 C - an uncursed amulet of warding
Wands
 D - a wand of fire (0)
 G - a wand of confusion (18)
 H - a wand of fire (7)
Scrolls
 o - a scroll of teleportation
 B - a scroll of remove curse
Potions
 j - a potion of might
 k - a potion of brilliance {unknown}
 l - a potion of cancellation {unknown}
 n - a potion of curing {unknown}
 q - a potion of haste {unknown}
 s - a potion of lignification {unknown}
 u - a potion of agility {unknown}
 w - a potion of heal wounds {unknown}
Comestibles
 e - 3 bread rations
 f - 3 meat rations
 v - 13 fruits
 z - 2 slices of pizza


   Skills:
 - Level 4.2(3.9) Fighting
 + Level 10.5(10.1) Maces & Flails
 - Level 4.0(3.6) Throwing
 - Level 1.7(1.4) Dodging
 - Level 0.7(0.3) Stealth


You had 6 spell levels left.
You didn't know any spells.

Dungeon Overview and Level Annotations

Branches:
Dungeon (7/15)
 Temple: D:4-7

Altars:
Fedhas
Makhleb
Qazlal
Ru
Yredelemnul
Zin

Shops:
D:6 (

Annotations:
D:6 Duvessa


Innate Abilities, Weirdness & Mutations

You are too large for most types of armour.
You have tough skin (AC +1).


Message History

Evoke which item? (* to show all) (? for menu, Esc to quit)
Zapping:
G - a wand of confusion (20)
Press: ? - help, Shift-Dir - straight line, f/p - Duvessa
Aim: Duvessa, wielding a short sword of draining (berserk, fast, unusually strong, chance to defeat MR: 28%) Duvessa easily resists.
This wand has 19 charges left.
Duvessa hits you with a short sword of draining!
* * * LOW HITPOINT WARNING * * *
You partially resist.
You feel drained.
* * * LOW HITPOINT WARNING * * *
Evoke which item? (* to show all) (? for menu, Esc to quit)
Zapping:
G - a wand of confusion (19)
Press: ? - help, Shift-Dir - straight line, f/p - Duvessa
Aim: Duvessa, wielding a short sword of draining (berserk, fast, unusually strong, chance to defeat MR: 28%) Duvessa easily resists.
This wand has 18 charges left.
Duvessa hits you with a short sword of draining!
* * * LOW HITPOINT WARNING * * *
You partially resist.
You feel drained.
* * * LOW HITPOINT WARNING * * *
Duvessa hits you with a short sword of draining.
You die...

).# #......%............##. .#
...........<.......... .#
#.................#### .##
#...............### ##..#
#........<......# ## #...#
##...............###### .###...#
##.....#................
.......###......#.......#........
.............##.@......##..######
............####.e....## ..
...........## ##..#### #.#
...######### ##..## ..# ..##
##..###..## ### ##.......# # #
##...##.. .## ##### ##..## ...
##...#####...# #


You could see Duvessa (berserk).

Vanquished Creatures
  Menkaure (D:5)
  A water moccasin (D:6)
  2 ogres (D:6)
  The ghost of Ijustatesigmund the Sneak, an amateur OpTm (D:3)
  Dowan (D:6)
  A giant frog zombie (D:5)
  2 hounds
  2 jellies
  An orc wizard (D:5)
  A worker ant (D:5)
  2 hound skeletons
  4 adders
  A worm (D:2)
  An adder skeleton (D:5)
  5 orcs
  2 giant cockroaches
  2 hobgoblins
  2 jackals (D:2)
  2 ball pythons
  A giant gecko (D:2)
  A giant gecko skeleton (D:5)
  2 giant newts
  2 goblins
  2 kobolds
  A quokka (D:3)
  5 rats
48 creatures vanquished.

Notes
Turn   | Place    | Note
--------------------------------------------------------------
     0 | D:1      | brucemayne the Ogre Hunter began the quest for the Orb.
     0 | D:1      | Reached XP level 1. HP: 22/22 MP: 1/1
   306 | D:2      | Reached XP level 2. HP: 28/32 MP: 2/2
   615 | D:3      | Reached skill level 1 in Maces & Flails
   615 | D:3      | Reached XP level 3. HP: 26/39 MP: 3/3
   622 | D:3      | Noticed Ijustatesigmund's ghost (amateur OpTm)
   648 | D:3      | Killed Ijustatesigmund's ghost
   648 | D:3      | Reached XP level 4. HP: 13/48 MP: 4/4
   762 | D:3      | Found a glowing silver altar of Zin.
   831 | D:5      | Entered Level 5 of the Dungeon
   831 | D:5      | Found a blossoming altar of Fedhas.
   838 | D:5      | Noticed a sky beast
   855 | D:4      | Reached skill level 5 in Maces & Flails
   855 | D:4      | Reached XP level 5. HP: 27/54 MP: 5/5
   964 | D:5      | Found a stormy altar of Qazlal.
  1076 | D:4      | Found a basalt altar of Yredelemnul.
  1080 | D:4      | Found a burning altar of Makhleb.
  1230 | D:5      | Reached skill level 6 in Maces & Flails
  1264 | D:5      | Reached XP level 6. HP: 42/62 MP: 6/6
  1335 | D:6      | Found Casmoclucu's Antique Weapon Boutique.
  1352 | D:6      | Reached skill level 7 in Maces & Flails
  1412 | D:5      | Found a sacrificial altar of Ru.
  1637 | D:6      | Reached skill level 8 in Maces & Flails
  1859 | D:6      | Reached XP level 7. HP: 63/70 MP: 7/7
  1860 | D:6      | Noticed a water moccasin
  1877 | D:6      | Killed a water moccasin
  1877 | D:6      | Reached skill level 9 in Maces & Flails
  1940 | D:6      | Noticed Dowan
  1959 | D:5      | Noticed Menkaure
  1961 | D:5      | Killed Menkaure
  1961 | D:5      | Reached skill level 10 in Maces & Flails
  2026 | D:6      | Killed Dowan
  2070 | D:6      | Noticed Duvessa
  2075 | D:6      | Slain by Duvessa

Vault maps used:
D:1:      dpeg_arrival_connections
D:2:      first_bread
D:3:      lemuel_round_altar, portal_sewer_entry_c
D:4:      grunt_temple_overflow_open, dk_vineyard_3
D:5:      grunt_temple_overflow_forces_of_nature,
          nicolae_ru_sacrificial_ziggurat,
          minmay_temple_entry_statues_fountains, uniq_menkaure
D:6:      serial_shops, shop, uniq_duvessa
D:7:      corner_web_ring

Action                   |  1- 3 |  4- 6 |  7- 9 || total
-------------------------+-------+-------+-------++-------
Melee: Short sword       |    21 |       |       ||    21
       Club              |    37 |    25 |       ||    62
       Dagger            |    14 |    13 |       ||    27
       Flail             |       |    49 |    24 ||    73
Throw: Large rock        |    14 |    16 |     3 ||    33
       Throwing net      |       |     5 |     1 ||     6
Evoke: Wand              |       |       |     8 ||     8
  Use: Scroll            |     7 |     2 |     4 ||    13
 Stab: Sleeping          |       |     1 |       ||     1
  Eat: Bread ration      |       |     1 |       ||     1
